 Dungeon Crawl Stone Soup version 0.26-a0-812-g31a745ddcd (webtiles) character file.

Game seed: 11891875800046051712

105 Dracia the Sneak (level 5, 0/28 HPs)
             Began as a Kobold Enchanter on Nov 29, 2020.
             Slain by an orc priest
             ... wielding a +0 hand axe
              (3 damage)
             ... on level 2 of the Dungeon.
             The game lasted 00:12:47 (3519 turns).

Dracia the Sneak (Kobold Enchanter)                 Turns: 3519, Time: 00:12:47

Health: 0/28       AC:  2    Str:  6    XL:     5   Next: 8%
Magic:  1/8        EV: 15    Int: 16    God:
Gold:   76         SH:  5    Dex: 12    Spells: 2/8 levels left

rFire    . . .     SeeInvis .   a - +1 dagger
rCold    . . .     Faith    .   (shield restricted)
rNeg     . . .     Spirit   .   b - +0 robe
rPois    .         Reflect  +   f - +0 hat
rElec    .         Harm     .   (no cloak)
rCorr    .         Rampage  .   (no gloves)
MR       .....                  (no boots)
Stlth    ++++......             j - amulet of reflection
HPRegen  0.09/turn              d - -4 ring of dexterity (curse)
MPRegen  0.11/turn              (no ring)

@: no status effects
A: small, nightstalker 3
a: no special abilities


You were on level 2 of the Dungeon.
You visited 1 branch of the dungeon, and saw 4 of its levels.

You collected 76 gold pieces.


Innate Abilities, Weirdness & Mutations

You are small and have problems with some larger weapons.
You are completely attuned to the shadows.


   Skills:
 + Level 3.3 Short Blades
 - Level 2.4 Dodging
 * Level 6.7 Stealth
 - Level 2.1 Spellcasting
 - Level 3.0 Hexes


You had 2 spell levels left.
You knew the following spells:

 Your Spells              Type           Power        Failure   Level
a - Corona                Hex            ##.....      6%          1
b - Ensorcelled Hibernat  Hex/Ice        #.....       17%         2
c - Confusing Touch       Hex            ##......     19%         3

Your spell library contained the following spells:

 Spells                   Type           Power        Failure   Level
 Tukima's Dance           Hex            ##......     19%         3
 Dazzling Flash           Conj/Hex       #.....       32%         3

Inventory:

Hand Weapons
 a - a +1 dagger (weapon)
Armour
 b - a +0 robe (worn)
 f - a +0 hat (worn)
Jewellery
 d - a cursed -4 ring of dexterity (left hand)
 j - an amulet of reflection (around neck)
Wands
 i - a wand of flame (20)
Scrolls
 g - a scroll of teleportation
 h - a scroll of amnesia

Dungeon Overview and Level Annotations

Branches:
Dungeon (4/15)
 Temple: D:4-7

Altars:

Annotations:
D:3 1 runed translucent door, Crazy Yiuf

########################
..............>oK).....#
#####'##........######.#
................# #.#
................# #.#
........######### #.#
#####'### #.# #####'####
#.# #........# #.#
#........# #######.#


You could see an orc priest.


Message History

You hit the orc priest but do no damage.
The orc priest is lightly wounded.
The orc priest misses you.
You closely miss the orc priest.
The orc priest is lightly wounded.
The orc priest mumbles some strange prayers to Beogh against you.
Beogh smites you!
Ouch! That really hurt!
* * * LOW HITPOINT WARNING * * *
You feel better.
The orc priest hits you with a +0 hand axe.
* * * LOW HITPOINT WARNING * * *
You hit the orc priest.
The orc priest is moderately wounded.
The orc priest hits you with a +0 hand axe.
* * * LOW HITPOINT WARNING * * *
Your magical contamination has completely faded away.
You hit the orc priest.
The orc priest is heavily wounded.
You hit the orc priest but do no damage.
The orc priest is heavily wounded.
The orc priest barely misses you.
You hit the orc priest but do no damage.
The orc priest is heavily wounded.
The orc priest hits you with a +0 hand axe.
* * * LOW HITPOINT WARNING * * *
You hit the orc priest but do no damage.
The orc priest is heavily wounded.
The orc priest hits you with a +0 hand axe.
You die...

Action                   |  1- 3 |  4- 6 || total
-------------------------+-------+-------++-------
Melee: Dagger            |   100 |   154 ||   254
 Cast: Corona            |     4 |     4 ||     8
       Ensorcelled Hiber |     2 |     7 ||     9
  Use: Scroll            |     2 |     3 ||     5
       Potion            |     2 |     6 ||     8
 Stab: Sleeping          |    15 |     8 ||    23
Armor: Robe              |     7 |     9 ||    16
Dodge: Dodged            |    66 |   103 ||   169
Block: Other             |       |    13 ||    13

Levels and vault maps discovered:
D:1:      dpeg_arrival_connections, layout_basic,
          chequers_serial_rivers_micro_c, hangedman_decor_slide_cut, st_stairs_9
D:2:      layout_basic
D:3:      layout_basic, uniq_crazy_yiuf_cottage
D:4:      layout_cave_pods, minivault_25, kennysheep_another_room, uniq_sigmund

Notes
Turn   | Place    | Note
-------+----------+-------------------------------------------
     0 | D:1      | Dracia the Kobold Enchanter began the quest for the Orb.
     0 | D:1      | Reached XP level 1. HP: 10/10 MP: 3/3
    49 | D:1      | Reached skill level 5 in Stealth
    49 | D:1      | Reached XP level 2. HP: 15/15 MP: 5/5
   605 | D:1      | Reached skill level 2 in Short Blades
   605 | D:1      | Reached XP level 3. HP: 18/19 MP: 6/6
   891 | D:2      | Learned a level 2 spell: Ensorcelled Hibernation
   895 | D:2      | Learned a level 3 spell: Confusing Touch
  1675 | D:2      | Reached skill level 6 in Stealth
  1675 | D:2      | Reached XP level 4. HP: 24/24 MP: 7/7
  1919 | D:3      | Reached skill level 3 in Short Blades
  2586 | D:3      | Found a runed translucent door.
  2589 | D:3      | Noticed Crazy Yiuf
  3351 | D:4      | Reached XP level 5. HP: 28/28 MP: 8/8
  3519 | D:2      | Slain by an orc priest

Vanquished Creatures
  A hound skeleton (D:2)
  A howler monkey skeleton (D:4)
  2 adders (D:2)
  2 oozes (D:1)
  2 worms (D:2)
  2 dart slugs
  A leopard gecko (D:1)
  3 orcs
  2 bats
  3 giant cockroaches
  4 goblins
  2 hobgoblins (D:2)
  4 jackals (D:3)
  4 frilled lizards
  8 kobolds
  5 rats
46 creatures vanquished.
